 Dungeon Crawl Stone Soup version 0.27.1 (webtiles) character file.

Game seed: 12881392700038997122

17 MajorAdolf the Chopper (level 2, 26/26 HPs)
             Began as a Naga Wanderer on Aug 25, 2021.
             Quit the game on level 1 of the Dungeon.
             The game lasted 00:02:17 (1022 turns).

MajorAdolf the Chopper (Naga Wanderer)              Turns: 1022, Time: 00:02:18

Health: 26/26      AC:  1    Str: 11    XL:     2   Next: 62%
Magic:  2/2        EV:  9    Int: 12    God:
Gold:   31         SH:  0    Dex: 13    Spells: 1/1 levels left

rFire    . . .     SeeInvis +   a - +2 hand axe
rCold    . . .     Faith    .   (no shield)
rNeg     . . .     Spirit   .   d - +0 robe
rPois    +         Reflect  .   (no helmet)
rElec    .         Harm     .   (no cloak)
rCorr    .         Rampage  .   (no gloves)
Will     .....                  (no barding)
Stlth    +.........             (no amulet)
HPRegen  0.08/turn              (no ring)
MPRegen  0.08/turn              (no ring)

@: very slow
A: AC +0, large, see invisible, deformed body, poison resistance, slowness 2,
spit poison 1, naga tail 1
a: Spit Poison


You were on level 1 of the Dungeon.
You visited 1 branch of the dungeon, and saw 1 of its levels.

You collected 31 gold pieces.

Inventory:

Hand Weapons
 a - a +2 hand axe (weapon)
Armour
 d - a +0 robe (worn)
Scrolls
 e - 2 scrolls of teleportation {unknown}
Potions
 b - a potion of lignification
Miscellaneous
 c - a piece from Xom's chessboard (4/15) (quivered)


   Skills:
 - Level 2.0 Fighting
 + Level 3.9(4.0) Axes
 - Level 1.0(2.6) Polearms
 - Level 1.0 Throwing
 - Level 1.0 Armour
 - Level 1.0 Dodging
 - Level 1.0 Evocations


You had one spell level left.
You didn't know any spells.
Your spell library was empty.

Dungeon Overview and Level Annotations

Branches:
Dungeon (1/15)

Altars:

Shops:
D:1 ::((:


Innate Abilities, Weirdness & Mutations

Your serpentine skin is tough. (AC +0)
You have supernaturally acute eyesight. (SInv)
Armour fits poorly on your strangely shaped body.
Your system is resistant to poisons. (rPois)
You cover ground very slowly.
You can spit poison.
You have a snake-like lower body.


Message History

You hit the quokka.
The quokka is heavily wounded.
The quokka barely misses you.
You hit the quokka.
You kill the quokka!
Your piece from Xom's chessboard (4/15) has regained one charge.
No target in view!
No target in view!
Found Siutiall's Book Shop.
A hobgoblin comes into view.
A hobgoblin is nearby!
The hobgoblin shouts!
The hobgoblin hits you.
You hit the hobgoblin.
The hobgoblin is heavily wounded.
The hobgoblin hits you.
You hit the hobgoblin.
You kill the hobgoblin!
No target in view!
No target in view!
No target in view!
No target in view!
No target in view!
No target in view!
No target in view!
No target in view!
No target in view!
A goblin comes into view. It is wielding a +0 club.
The goblin shouts!
You see here a hobgoblin corpse.
The goblin closely misses you.
You hit the goblin.
You kill the goblin!
No target in view!
No target in view!
No target in view!
No target in view!
No target in view!
There is an entrance to Kash's Book Shoppe here.
Are you sure you want to abandon this character and quit the game? (Confirm with "yes".)

#.......#.#......#.
+.......#.#.#.##.#.
#.......#.#.#.##.#.
#.......#.#.#.##.#.
#....)..#.#......#(
##.......#.###.##.#. .
#8.8.8...# ..#..#.
##.##.⌠.⌠.†..# ######.
..∩..8.@.8...# #......
.#.#..⌠.⌠....# #.####.
#...8.8.8...# #.#....
######..###.....#.#.###
#†.# ####.#.#.# #..#
#.#.# #..# #.#.# #..#
#.#.### #..######
#.#....


There were no monsters in sight!

Vanquished Creatures
  A dart slug (D:1)
  A hobgoblin (D:1)
  2 quokkas (D:1)
  4 ball pythons (D:1)
  4 bats (D:1)
  2 goblins (D:1)
  2 rats (D:1)
16 creatures vanquished.

Notes
Turn   | Place    | Note
-------+----------+-------------------------------------------
     0 | D:1      | MajorAdolf the Naga Wanderer began the quest for the Orb.
     0 | D:1      | MajorAdolf set off with the following items: a +2 hand axe,
                  | a potion of lignification, a piece from Xom's chessboard
                  | (15/15), a +0 robe
     0 | D:1      | Reached XP level 1. HP: 19/19 MP: 1/1
   265 | D:1      | Found Jep Larhapu's Weapon Shop.
   293 | D:1      | Found Piguxigh's Book Emporium.
   306 | D:1      | Found Gytur's Weapon Shoppe.
   393 | D:1      | Reached XP level 2. HP: 26/26 MP: 2/2
   953 | D:1      | Found Kash's Book Shoppe.
   958 | D:1      | Found Siutiall's Book Shop.
  1022 | D:1      | Quit the game

Illustrated notes

Levels and vault maps discovered:
D:1:      eino_arrival_tree_alley, layout_basic, serial_shops, shop_statue,
          nicolae_shop_temple_entry_statues_fountains, shop_fountains,
          nicolae_shop_crystal, shop, kennysheep_doodads, feat_on_display

Action                   || total
-------------------------++-------
Melee: Hand axe          ||    23
 Abil: Spit Poison       ||     1
Evoke: Piece from Xom's  ||    12
 Stab: Petrified         ||     1
       Sleeping          ||     1
Armor: Robe              ||     6
Dodge: Dodged            ||    14
